 Dungeon Crawl Stone Soup version 0.29-a0-334-gb41bcbb86e (webtiles) character file.

Game seed: 12219995675110767275

24395 spaghetti the Nimble (level 9, -7/65 (76) HPs)
             Began as an Octopode Fire Elementalist on Apr 14, 2022.
             Was the Champion of Ru.
             Mangled by a shadow (22 damage)
             ... on level 13 of the Dungeon.
             The game lasted 00:38:11 (19408 turns).

spaghetti the Nimble (Octopode Fire Elementalist)  Turns: 19408, Time: 00:38:12

HP:   -7/65 (76)    AC:  5    Str:  4    XL:     9   Next: 12%
MP:   16/21         EV: 19    Int: 21    God:    Ru [******]
Gold: 503           SH:  5    Dex: 14    Spells: 4/24 levels left

rFire   + . .      SeeInvis .   d - staff of conjuration {!a@e2staff}
rCold   . . .      Faith    .   (no shield)
rNeg    + + .      Spirit   .   (helmet restricted)
rPois   .          Reflect  +   t - amulet of reflection
rElec   .          Harm     .   f - +4 ring of protection
rCorr   +          Rampage  .   u - ring of Paranoia {Fly rF+ rN+ Str-4 Dex+2}
Will    +....                   F - ring of willpower
Stlth   +++.......              D - ring of resist corrosion
HPRegen 0.20/turn               L - ring of positive energy
MPRegen 0.17/turn               (no ring)
                                (no ring)
                                (no ring)

@: exhausted, on berserk cooldown, flying, slowed, heavily drained, unable to
read, very slow
A: almost no armour, amphibious, 8 rings, camouflage 1, gelatinous body 1,
inability to read while threatened, cowardly, inexperienced 2, (nimble swimmer
1), tentacles
a: Renounce Religion, Draw Out Power, Power Leap, Apocalypse


You were on level 13 of the Dungeon.
You worshipped Ru.
Ru was exalted by your worship.
You visited 1 branch of the dungeon, and saw 13 of its levels.
You also visited: Sewer.

You collected 827 gold pieces.
You spent 324 gold pieces at shops.


Innate Abilities, Weirdness & Mutations

You cannot wear most types of armour.
You are amphibious.
You can wear up to eight rings at the same time.
Your skin changes colour to match your surroundings (Stealth+).
Your rubbery body absorbs attacks. (AC +1, EV +1)
You sometimes lose the ability to read scrolls when taking damage.
Your cowardice makes you less effective in combat with threatening foes.
You are inexperienced. (-4 XL)
((You are camouflaged when in or above water. (Stealth+)))
You have tentacles for arms and can constrict up to eight enemies at once.


   Skills:
 + Level 13.1 Fighting
 + Level 13.4 Dodging
 - Level 2.6 Stealth
 - Level 8.0 Spellcasting
 - Level 6.0 Conjurations
 - Level 6.0 Fire Magic


You had 4 spell levels left.
You knew the following spells:

 Your Spells              Type           Power      Damage    Failure   Level
a - Foxfire               Conj/Fire      100%       2x1d9     1%          1
b - Scorch                Fire           66%        2d8       1%          2
c - Conjure Flame         Conj/Fire      50%        6-21      1%          3
d - Inner Flame           Hex/Fire       21%        N/A       7%          3
e - Ignite Poison         Fire/Tmut/Pois 16%        N/A       11%         3
f - Sticky Flame          Conj/Fire      50%        2d7       7%          4
g - Flame Wave            Conj/Fire      50%        2d10      7%          4

Your spell library contained the following spells:

 Spells                   Type           Power      Damage    Failure   Level
 Apportation              Tloc           16%        N/A       8%          1
 Ensorcelled Hibernation  Hex/Ice        16%        N/A       12%         2
 Spider Form              Tmut/Pois      8%         N/A       24%         3
 Tukima's Dance           Hex            8%         N/A       24%         3
 Airstrike                Air            4%         N/A       61%         4
 Anguish                  Hex/Necr       4%         N/A       61%         4
 Animate Dead             Necr           4%         N/A       61%         4
 Passage of Golubria      Tloc           8%         N/A       61%         4
 Petrify                  Tmut/Erth      8%         N/A       61%         4
 Summon Lightning Spire   Summ/Air       8%         N/A       61%         4
 Lightning Bolt           Conj/Air       15%        1d29      54%         5
 Alistair's Intoxication  Tmut/Pois      5%         N/A       91%         5
 Borgnjor's Vile Clutch   Necr/Erth      4%         N/A       91%         5
 Metabolic Englaciation   Hex/Ice        4%         N/A       91%         5
 Yara's Violent Unravell  Hex/Tmut       4%         3d4       91%         5
 Death Channel            Necr           4%         N/A       100%        6
 Statue Form              Tmut/Erth      5%         N/A       100%        6

Inventory:

Hand Weapons
 e - a +0 vorpal shortbow {bow}
   (You took it off a centaur on level 11 of the Dungeon)
 h - a +1 spear {polearm}
   (You took it off Grum on level 11 of the Dungeon)
 q - a +2 trident of freezing {polearm}
   (You found it on level 12 of the Dungeon)
 s - a +2 dagger of venom {short}
   (You found it on level 2 of the Dungeon)
Missiles
 j - 432 stones (quivered) {throwing}
 r - 22 poisoned darts {throwing}
 z - 16 boomerangs {throwing}
 X - a curare-tipped dart {=fthrowing}
Armour
 P - an orb of light
   (You bought it in a shop on level 7 of the Dungeon)
Magical Staves
 d - a staff of conjuration (weapon) {!a@e2staff}
   (You found it on level 11 of the Dungeon)
 J - a staff of air {!astaff}
   (You found it on level 5 of the Dungeon)
Jewellery
 f - a +4 ring of protection (left tentacle)
   (You found it on level 1 of the Dungeon)
 t - an amulet of reflection (around mantle)
   (You found it on level 2 of the Dungeon)
 u - the ring of Paranoia (right tentacle) {Fly rF+ rN+ Str-4 Dex+2}
   (You found it on level 2 of the Dungeon)

   [ring of flight]

   Str:       It affects your strength (-4).
   Dex:       It affects your dexterity (+2).
   rF:        It protects you from fire.
   rN:        It protects you from negative energy.
   Fly:       It grants you flight.
 D - a ring of resist corrosion (on tentacle)
   (You found it on level 4 of the Dungeon)
 F - a ring of willpower (on tentacle)
   (You found it on level 4 of the Dungeon)
 L - a ring of positive energy (on tentacle)
   (You found it on level 5 of the Dungeon)
Wands
 o - a wand of iceblast (21)
   (You found it on level 4 of the Dungeon)
 p - a wand of charming (11)
   (You found it on level 3 of the Dungeon)
 B - a wand of flame (13)
   (You found it on level 3 of the Dungeon)
 Q - a wand of mindburst (4)
   (You found it on level 7 of the Dungeon)
 U - a wand of paralysis (6)
   (You took it off Psyche on level 9 of the Dungeon)
Scrolls
 b - 2 scrolls of immolation {!r!r}
 g - 11 scrolls of teleportation {@r4}
 i - 2 scrolls of enchant weapon
 m - 2 scrolls of holy word
 n - a scroll of vulnerability {!r!r}
 y - 3 scrolls of amnesia
 C - a scroll of noise {!r}
 G - 4 scrolls of enchant armour
 M - 7 scrolls of blinking {!r}
 O - 3 scrolls of silence {!r}
 R - 2 scrolls of fog
Potions
 c - a potion of degeneration {unknown}
 k - 2 potions of lignification {!q}
 v - 3 potions of curing {@q1}
 x - 3 potions of attraction {unknown}
 A - 2 potions of mutation {unknown}
 E - 3 potions of brilliance
 H - 2 potions of might {unknown}
 I - a potion of berserk rage {!q}

Dungeon Overview and Level Annotations

Branches:
Dungeon (13/15)            Temple (0/1) D:7            Lair (0/6) D:8
    Orc (0/2) D:9           Sewer (visited)
 Vaults: D:13-14

Altars:
Ru

Shops:
D:7 [   D:8 (

Annotations:
D:8 2 runed translucent doors, lunkers's ghost, journeyman FoEE

.# #....#.#)# #.#####
.####.##.#.#)# #.#...# #####
.......#.#.#.# #.#...# #....
#####..#.#.#.# #.#...# #....
#..#.#.#.###.#...# #....
#..........).....# #....
#................########....
#........)..>....'...........
#..#.#<#.###@#...########....
#........# #{#...# #####
#........# #.#...# #.......##
#.#...# ############z#####
#..........# #..........###.
#...............
#...............


You could see a skeletal warrior.


Message History

😮 HP[+1]
You feel less exhausted. 😮 HP[+1] MP[+1]
The death knight offers itself to Yredelemnul, and fills with unholy energy.
You don't have enough magic at the moment.
A phantasmal warrior comes into view.
You feel a twist of horror at the sight of this foe.
Unknown command.
Unknown command.
You don't have enough magic at the moment.
The death knight invokes the aid of Yredelemnul against you.
Your body is wracked with pain!
You feel threatened and lose the ability to read scrolls!
* * * LOW HITPOINT WARNING * * *
😨 HP[-20]
You take 20 damage, and now have 33/72 hp.
MASSIVE DAMAGE!! (PAUSE) Unknown command.
You feel much better. 😮 HP[+15]
You regained 15 hp, and now have 48/72 hp.
Unknown command.
Unknown command. 😮 MP[+1]
The phantasmal warrior begins to attack, but is stunned by your conviction!
You don't have enough magic at the moment.
Okay, then.
Magic courses through your body.
The death knight invokes the aid of Yredelemnul against you.
You resist with some effort. 😮 MP[+15]
Your mp is fully restored (21).
Unknown command.
Unknown command.
Activating: Apocalypse
Press: ? - help, Dir - look around, f - activate You reveal the great annihilating truth to your foes!
The death knight is paralysed by terrible understanding!
You destroy the phantasmal warrior!
You feel drained.
The death knight reflects your damage back at you!
Ouch! That really hurt!
* * * LOW HITPOINT WARNING * * *
The death knight's dark mirror aura disappears.
A skeletal warrior comes into view.
It is wielding a +0 long sword. 😱 HP[-44] MP[-8]
You now have 65 max hp (-7).
You take 44 damage, and now have 4/65 hp.
MASSIVE DAMAGE!! (PAUSE)
You lost 8 mp, and now have 13/21 mp.
Unknown command.
Unknown command.
Aiming: Iceblast
Press: ? - help, Shift-Dir - straight line, f - death knight
Aim: a death knight, wielding a +3 broad axe and wearing a +0 chain mail (almost dead, paralysed)
The mass of ice explodes!
The iceblast engulfs the death knight!
Okay, then. 😱 MP[+1] 😱 HP[+1]
A shadow comes into view.
You feel a twist of horror at the sight of this foe.
You cannot read scrolls in your current state!
Unknown command.
Okay, then.
Unknown command.
You cannot read scrolls in your current state!
You feel much better.
The shadow slips into darkness.
The shadow flickers and vanishes!
Deactivating autopickup; reactivate with Ctrl-A. 😨 HP[+22]
You regained 22 hp, and now have 27/65 hp. 😨 HP[+1] MP[+1]
The shadow strikes at you from the darkness!
* * * LOW HITPOINT WARNING * * *
Reactivating autopickup.
You feel a twist of horror at the sight of this foe. 😱 HP[-14]
You take 14 damage, and now have 14/65 hp.
MASSIVE DAMAGE!! (PAUSE)
Okay, then.
Really quaff
I - 2 potions of berserk rage {!q}?
Do you really want to go berserk while wielding your staff of conjuration {!a@e2staff}?
A red film seems to cover your vision as you go berserk!
You feel yourself moving faster!
You feel mighty!
The shadow slips into darkness.
The shadow flickers and vanishes!
Deactivating autopickup; reactivate with Ctrl-A. 😱 HP[+8]
You now have 97 max hp (+32).
You regained 8 hp, and now have 22/97 hp.
You feel a strong urge to attack something. 😱 MP[+1]
You feel your anger nearly subside.
You are no longer berserk.
You are exhausted.
You feel yourself slow down. 😱 HP[-7]
You now have 65 max hp (-32).
The shadow strikes at you from the darkness!
You die...

Skill      XL: |  1  2  3  4  5  6  7  8  9 |
---------------+----------------------------+-----
Spellcasting   | 3 5 6 7 8 |  8.0
Fighting       | 5 7 8 11 12 13 | 13.1
Dodging        | 6 7 9 11 13 | 13.4
Conjurations   | 3 5 6 |  6.0
Fire Magic     | 4 5 6 |  6.0
Stealth        | |  2.6

Action                   |  1- 3 |  4- 6 |  7- 9 || total
-------------------------+-------+-------+-------++-------
Melee: Dagger            |    13 |    20 |    21 ||    54
       Constrict         |     3 |    12 |     7 ||    22
       Tentacles         |       |    15 |    24 ||    39
       Punch             |       |     1 |       ||     1
       Staff             |       |    24 |    45 ||    69
Throw: Stone             |       |       |     2 ||     2
 Cast: Foxfire           |   110 |   359 |   252 ||   721
       Scorch            |       |   110 |   120 ||   230
       Inner Flame       |       |     2 |     4 ||     6
       Sticky Flame      |       |     7 |    21 ||    28
       Conjure Flame     |       |       |     3 ||     3
       Flame Wave        |       |       |     3 ||     3
Invok: Sacrifice Courage |     1 |       |       ||     1
       Draw Out Power    |     1 |    12 |     7 ||    20
       Sacrifice Experie |     1 |     1 |       ||     2
       Apocalypse        |       |     4 |    14 ||    18
       Sacrifice Words   |       |       |     1 ||     1
Evoke: Wand              |       |     4 |     1 ||     5
  Use: Scroll            |     6 |     6 |     2 ||    14
       Potion            |       |     5 |     6 ||    11
 Stab: Sleeping          |       |     1 |       ||     1
       Paralysed         |       |     5 |    17 ||    22
Armor: Skin              |     6 |    27 |    15 ||    48
Dodge: Dodged            |    20 |    93 |   135 ||   248
Block: Other             |     8 |    38 |    39 ||    85
       Reflection        |       |     2 |     2 ||     4

Levels and vault maps discovered:
D:1:      matt_arrival_diagonals, layout_basic, ebering_ecumenical_altar_rust,
          dk_noncrumbling_2, minmay_bisected
D:2:      layout_loops_corners, kennysheep_doodads
D:3:      layout_loops_ring, mainiacjoe_overflow_cross_hatched,
          minmay_misc_feat_tiny, corexii_leaking_fountain,
          nicolae_concentric_dashed_squares_mild
D:4:      layout_basic, minmay_quantized
D:5:      layout_cave_pools, grunt_decor_clamped,
          chequers_serial_rivers_micro_e, chequers_serial_rivers_micro_c,
          uniq_edmund
D:6:      layout_cave_pools, portal_sewer_entry_d
D:7:      layout_basic, temple_statues, serial_shops, kennysheep_mini_moat,
          uniq_menkaure, uniq_joseph
D:8:      kennysheep_spiral_hall, layout_loops_corners, dpeg_lair_monsters,
          ebering_ghost_disaster_area, serial_shops, shop_statue,
          grunt_ministairs_13
D:9:      layout_cave_pods, orc_0_dummy, uniq_psyche
D:10:     layout_loops_cross
D:11:     layout_big_octagon, uniq_grum
D:12:     layout_basic
D:13:     layout_basic, ximxim_vaults_locker_room, kennysheep_generic_room_15

Notes
Turn   | Place    | Note
-------+----------+-------------------------------------------
     0 | D:1      | spaghetti the Octopode Fire Elementalist began the quest
                  | for the Orb.
     0 | D:1      | Reached XP level 1. HP: 11/11 MP: 3/3
     0 | D:1      | magus.rc [v1.9.6]
    18 | D:1      | Found a faded altar of an unknown god.
    30 | D:1      | Prayed at the altar of an unknown god.
    30 | D:1      | Became a worshipper of Ru the Awakened
    33 | D:1      | Gained mutation: Your cowardice makes you less effective in
                  | combat with threatening foes. [Ru sacrifice]
    33 | D:1      | Reached * piety under Ru
   539 | D:1      | Reached XP level 2. HP: 17/17 MP: 1/5
   894 | D:1      | Reached skill level 3 in Spellcasting
  1315 | D:2      | Identified the ring of Paranoia {Fly rF+ rN+ Str-4 Dex+2}
  1797 | D:2      | Reached XP level 3. HP: 21/21 MP: 4/7
  2481 | D:3      | You pick up a book of Dreams and begin reading...
  2481 | D:3      | You add the spells Ensorcelled Hibernation, Spider Form and
                  | Anguish to your library.
  2521 | D:3      | Reached skill level 4 in Spellcasting
  2521 | D:3      | Reached XP level 4. HP: 22/27 MP: 0/10
  2781 | D:3      | Learned a level 2 spell: Scorch
  2785 | D:3      | Learned a level 3 spell: Conjure Flame
  2789 | D:3      | Learned a level 3 spell: Inner Flame
  2975 | D:3      | Found a sacrificial altar of Ru.
  3208 | D:3      | Noticed a scorpion
  3221 | D:3      | Killed a scorpion
  3222 | D:3      | Reached XP level 5. HP: 24/31 MP: 2/12
  3586 | D:4      | Noticed a phantom
  3597 | D:3      | Gained mutation: You are somewhat inexperienced. (-2 XL)
                  | [Ru sacrifice]
  3597 | D:3      | Reached XP level 4. HP: 27/27 MP: 10/10
  3597 | D:3      | Reached XP level 3. HP: 21/21 MP: 9/9
  3597 | D:3      | Reached ** piety under Ru
  3597 | D:3      | Reached *** piety under Ru
  3608 | D:4      | Killed a phantom
  3609 | D:4      | Reached skill level 5 in Spellcasting
  3684 | D:4      | Reached XP level 4. HP: 26/27 MP: 3/11
  3772 | D:4      | Reached skill level 6 in Spellcasting
  3787 | D:4      | Noticed a black bear
  3794 | D:4      | Killed a black bear
  4510 | D:4      | Reached XP level 5. HP: 31/32 MP: 0/14
  4971 | D:5      | Entered Level 5 of the Dungeon
  4984 | D:4      | HP: 6/32 [gnoll/+0 whip (6)]
  4987 | D:4      | Reached skill level 1 in Fighting
  5362 | D:5      | Noticed Edmund
  5401 | D:5      | Killed Edmund
  5402 | D:5      | Reached skill level 2 in Fighting
  5402 | D:5      | Reached skill level 3 in Dodging
  5652 | D:5      | Reached skill level 3 in Fighting
  5652 | D:5      | Reached skill level 7 in Spellcasting
  5658 | D:5      | HP: 4/36 [ogre/+0 giant spiked club (32)]
  5660 | D:5      | Reached XP level 6. HP: 20/42 MP: 11/16
  5662 | D:5      | Reached skill level 4 in Dodging
  5924 | D:5      | Reached skill level 4 in Fighting
  6368 | D:5      | Reached skill level 5 in Dodging
  6490 | D:6      | Found a glowing drain.
  6500 | Sewer    | Entered a sewer
  7239 | Sewer    | Gained mutation: You are inexperienced. (-4 XL) [Ru
                  | sacrifice]
  7239 | Sewer    | Reached XP level 5. HP: 38/38 MP: 12/14
  7239 | Sewer    | Reached XP level 4. HP: 34/34 MP: 12/13
  7239 | Sewer    | Reached **** piety under Ru
  7239 | Sewer    | Reached ***** piety under Ru
  7331 | Sewer    | Reached skill level 5 in Fighting
  7891 | D:6      | You add the spells Ignite Poison and Sticky Flame to your
                  | library.
  7947 | D:6      | Reached skill level 6 in Dodging
  7947 | D:6      | Reached XP level 5. HP: 41/41 MP: 9/14
  8376 | D:7      | Noticed Joseph
  8391 | D:7      | Killed Joseph
  8392 | D:7      | Reached skill level 6 in Fighting
  8392 | D:7      | Reached skill level 2 in Conjurations
  8579 | D:7      | Found Ditzen's Antique Armour Emporium.
  8582 | D:7      | Bought a runed orb for 324 gold pieces
  8584 | D:7      | Found a staircase to the Ecumenical Temple.
  8947 | D:7      | Reached skill level 4 in Fire Magic
  8952 | D:7      | Learned a level 3 spell: Ignite Poison
  8957 | D:7      | Learned a level 4 spell: Sticky Flame
  9131 | D:7      | Reached skill level 3 in Conjurations
  9186 | D:7      | Noticed Menkaure
  9204 | D:7      | Killed Menkaure
  9205 | D:7      | Reached skill level 7 in Dodging
  9338 | D:7      | You add the spells Tukima's Dance, Passage of Golubria and
                  | Yara's Violent Unravelling to your library.
 10004 | D:8      | Noticed a death yak
 10080 | D:8      | Noticed a cyan ugly thing
 10121 | D:7      | Reached skill level 7 in Fighting
 10121 | D:7      | Reached XP level 6. HP: 24/49 MP: 10/16
 10327 | D:7      | Killed a green ugly thing
 10328 | D:7      | Reached skill level 4 in Conjurations
 10328 | D:7      | Reached skill level 5 in Fire Magic
 10607 | D:8      | Noticed a salamander
 10971 | D:8      | Noticed a two-headed ogre
 10988 | D:8      | Killed a two-headed ogre
 10989 | D:8      | Reached skill level 5 in Conjurations
 11123 | D:8      | Found a large runed translucent door.
 11123 | D:8      | Found a large runed translucent door.
 11124 | D:8      | Noticed lunkers's ghost (journeyman FoEE)
 11186 | D:8      | Noticed a death yak
 11186 | D:8      | Noticed a death yak
 11215 | D:8      | Killed a death yak
 11215 | D:8      | Noticed a death yak
 11216 | D:8      | Reached skill level 8 in Dodging
 11216 | D:8      | Reached skill level 8 in Spellcasting
 11225 | D:8      | Noticed a death yak
 11270 | D:8      | Reached skill level 8 in Fighting
 11276 | D:8      | Killed a death yak
 11472 | D:8      | Noticed a death yak
 11483 | D:8      | Killed a death yak
 11484 | D:8      | Reached skill level 9 in Dodging
 11484 | D:8      | Reached XP level 7. HP: 47/56 MP: 5/18
 11515 | D:8      | Killed a death yak
 11516 | D:8      | Reached skill level 9 in Fighting
 11629 | D:8      | Killed a death yak
 11629 | D:8      | Noticed a death yak
 11696 | D:8      | Killed a death yak
 11697 | D:8      | Reached skill level 10 in Dodging
 11860 | D:8      | Found a staircase to the Lair.
 11939 | D:8      | Found Ganlil's Antique Weapon Shop.
 12175 | D:8      | Gained mutation: You sometimes lose the ability to read
                  | scrolls when taking damage. [Ru sacrifice]
 12175 | D:8      | Reached ****** piety under Ru
 12755 | D:8      | Killed a death yak
 12756 | D:8      | Reached skill level 10 in Fighting
 13071 | D:9      | Noticed Psyche
 13106 | D:9      | Killed Psyche
 13611 | D:9      | You pick up a book of Unlife and begin reading...
 13611 | D:9      | You add the spells Animate Dead, Borgnjor's Vile Clutch and
                  | Death Channel to your library.
 14176 | D:9      | Found a staircase to the Orcish Mines.
 14286 | D:9      | Noticed a two-headed ogre
 14290 | D:9      | Killed a two-headed ogre
 14291 | D:9      | Reached skill level 11 in Dodging
 14694 | D:10     | Entered Level 10 of the Dungeon
 14802 | D:10     | Reached skill level 11 in Fighting
 14907 | D:10     | Noticed a two-headed ogre
 15033 | D:10     | Killed a two-headed ogre
 15034 | D:10     | Reached XP level 8. HP: 31/67 MP: 11/20
 15488 | D:10     | Paralysed by a hornet for 2 turns
 15735 | D:10     | You pick up a book of Party Tricks and begin reading...
 15735 | D:10     | You add the spells Apportation and Alistair's Intoxication
                  | to your library.
 15748 | D:10     | You pick up a book of Storms and begin reading...
 15748 | D:10     | You add the spells Airstrike, Summon Lightning Spire and
                  | Lightning Bolt to your library.
 16336 | D:11     | Noticed a two-headed ogre
 16338 | D:11     | Killed a two-headed ogre
 16339 | D:11     | Reached skill level 12 in Dodging
 16371 | D:11     | Noticed Grum
 16378 | D:11     | Killed Grum
 16760 | D:11     | Learned a level 4 spell: Flame Wave
 16883 | D:11     | You pick up a book of Sloth and begin reading...
 16883 | D:11     | You add the spells Petrify, Metabolic Englaciation and
                  | Statue Form to your library.
 17345 | D:12     | Reached skill level 12 in Fighting
 17844 | D:12     | HP: 16/64 [something (15)]
 18167 | D:12     | Reached skill level 6 in Fire Magic
 18493 | D:12     | Reached skill level 6 in Conjurations
 18680 | D:13     | Noticed a centaur warrior
 18689 | D:13     | Killed a centaur warrior
 18783 | D:13     | Noticed a five-headed hydra
 18799 | D:13     | Killed a five-headed hydra
 19010 | D:13     | Noticed a centaur warrior
 19015 | D:13     | Killed a centaur warrior
 19016 | D:13     | Reached skill level 13 in Dodging
 19016 | D:13     | Reached XP level 9. HP: 49/73 MP: 8/21
 19340 | D:13     | Noticed a vault guard
 19343 | D:13     | Identified the +0 ring mail "Yschinuo" {Int+2}
 19361 | D:13     | Killed a vault guard
 19362 | D:13     | Reached skill level 13 in Fighting
 19388 | D:13     | HP: 3/61 [mirror damage (45)]
 19402 | D:13     | HP: 14/65 [something (14)]
 19408 | D:13     | Mangled by a shadow

Vanquished Creatures
  A hydra (D:13)
  A centaur warrior (D:13)
  A vault guard (D:13)
  A two-headed ogre (shapeshifter) (D:8)
  3 two-headed ogres
  7 death yaks (D:8)
  A phantasmal warrior (D:13)
  An ugly thing (D:7)
  A cyclops (D:12)
  2 manticores (D:12)
  Joseph (D:7)
  Psyche (D:9)
  2 gargoyles (D:12)
  A komodo dragon (D:12)
  4 trolls
  3 hornets
  5 slime creatures (D:12)
  A wraith (D:13)
  2 shadows
  A wyvern (D:10)
  15 yaks
  A vampire (D:12)
  6 humans (D:13)
  2 basilisks
  Grum (D:11)
  4 steam dragons (D:8)
  Menkaure (D:7)
  3 acid dragons
  Edmund (D:5)
  5 water moccasins
  6 orc warriors
  An ice beast (D:7)
  A sky beast (D:5)
  2 ogres (D:5)
  2 black bears
  2 wolves (D:11)
  5 centaurs
  2 phantoms
  2 kobold brigands (D:9)
  3 bullfrogs
  2 gnoll sergeants
  6 scorpions
  18 killer bees
  6 howler monkeys
  5 hounds
  6 orc priests
  A jelly (D:8)
  2 iguanas (D:6)
  11 orc wizards
  16 gnolls
  8 adders
  2 shadow imps
  A white imp (D:7)
  7 dart slugs
  34 orcs
  6 endoplasms
  10 giant cockroaches
  3 goblins
  5 hobgoblins
  5 jackals (D:4)
  11 kobolds
  9 quokkas
  11 ball pythons
  5 bats
  11 frilled lizards
  2 rats (D:2)
308 creatures vanquished.

Vanquished Creatures (others)
  A centaur warrior (D:13)
  A wraith (D:12)
  A human (D:13)
  1245 foxfires
1248 creatures vanquished.

Grand Total: 1556 creatures vanquished

Table legend:
 A = Non-vault XP
 B = Vault XP
 C = Vault XP percentage of total XP
 D = Non-vault monster count
 E = Vault monster count
 F = Vault count percentage of total count
                 A         B        C        D         E       F
            +---------+---------+-------+---------+---------+-------
      Total |   23727 |   11124 |  31.9 |     236 |      74 |  23.9
            +---------+---------+-------+---------+---------+-------
        D:1 |      18 |       9 |  33.3 |      11 |       3 |  21.4
        D:2 |      13 |       0 |   0.0 |       8 |       0 |   0.0
        D:3 |     153 |       0 |   0.0 |      20 |       0 |   0.0
        D:4 |     421 |      62 |  12.8 |      24 |       3 |  11.1
        D:5 |     890 |     154 |  14.8 |      16 |       1 |   5.9
        D:6 |     468 |      13 |   2.7 |      10 |       1 |   9.1
        D:7 |    1971 |     655 |  24.9 |      23 |       2 |   8.0
        D:8 |    1148 |    7179 |  86.2 |      15 |      20 |  57.1
        D:9 |    3516 |     409 |  10.4 |      37 |       1 |   2.6
       D:10 |    3254 |       0 |   0.0 |      29 |       0 |   0.0
       D:11 |    3201 |     415 |  11.5 |      15 |       3 |  16.7
       D:12 |    5151 |       0 |   0.0 |      19 |       0 |   0.0
       D:13 |    3523 |    1971 |  35.9 |       9 |       7 |  43.8
      Sewer |       0 |     257 | 100.0 |       0 |      33 | 100.0
            +---------+---------+-------+---------+---------+-------

Illustrated notes

Table legend:
 A = Kills in this place as a percentage of kills in entire the game.
 B = Kills by you in this place as a percentage of kills by you in the entire game.
 C = Kills by friends in this place as a percentage of kills by friends in the entire game.
 D = Other kills in this place as a percentage of other kills in the entire game.
 E = Experience gained in this place as a percentage of experience gained in the entire game.
 F = Experience gained in this place divided by the number of levels of this place that you have seen.
                   A       B       C       D       E      F
               +-------+-------+-------+-------+-------+----------------------
         Total | 100.0 | 100.0 |   N/A | 100.0 | 100.0 | 2489.4
       Dungeon |  89.4 |  89.3 |   N/A | 100.0 |  99.3 | 2661.1
         Sewer |  10.6 |  10.7 |   N/A |   0.0 |   0.7 | 257.0
               +-------+-------+-------+-------+-------+----------------------

Table legend: (Time is in decaauts)
 A = Elapsed time spent in this place.
 B = Non-inter-level travel time spent in this place.
 C = Inter-level travel time spent in this place.
 D = Time resting spent in this place.
 E = Time spent auto-exploring this place.
 F = Levels seen in this place.
 G = Mean time per level.
                   A        B        C        D        E       F      G
               +--------+--------+--------+--------+--------+-----+--------+
         Total |  19448 |  18983 |    465 |   5248 |  11472 |  14 | 1389.1 |
       Dungeon |  18436 |  17971 |    465 |   5077 |  10769 |  13 | 1418.2 |
         Sewer |   1011 |   1011 |      0 |    171 |    703 |   1 | 1011.0 |
               +--------+--------+--------+--------+--------+-----+--------+

Top non-repeatable levels by time:
     D:8: 2898 daAuts
     D:7: 1868 daAuts
     D:9: 1583 daAuts
     D:4: 1569 daAuts
    D:10: 1475 daAuts
    D:12: 1445 daAuts
     D:1: 1284 daAuts
     D:5: 1277 daAuts
     D:3: 1258 daAuts
     D:6: 1057 daAuts
     D:2: 1042 daAuts
    D:11: 1021 daAuts
   Sewer: 1011 daAuts
    D:13: 654 daAuts
